 Dungeon Crawl Stone Soup version 0.30-a0-154-gb106f4c828 (webtiles) character file.

Game seed: 17801294694931950209

564 Decritt the Trooper (level 7, -4/56 HPs)
             Began as a Djinni Conjurer on Sept 27, 2022.
             Slain by a sky beast (6 damage)
             ... on level 7 of the Dungeon.
             The game lasted 00:10:23 (5732 turns).

Decritt the Trooper (Djinni Conjurer)               Turns: 5732, Time: 00:10:24

Health: -4/56      AC:  7    Str:  6    XL:     7   Next: 58%
Gold:   200        EV: 12    Int: 21    God:
                   SH:  0    Dex: 12

rFire   + + .      SeeInvis .    d - +2 war axe (elec)
rCold   x . .      Faith    .    (no shield)
rNeg    . . .      Spirit   .    j - +2 animal skin
rPois   ∞          Reflect  .    i - +1 helmet
rElec   .          Harm     .    (no cloak)
rCorr   .          Rampage  .    q - +0 pair of gloves
Will    .....                    (boots unavailable)
Stlth   ++........               (no amulet)
HPRegen 0.18/turn                (no ring)
MPRegen 0.00/turn                (no ring)

@: flying
A: sickness immunity, fire resistance 2, cold vulnerability 1, float, innate
caster, HP casting, extra vitality 1
a: no special abilities


You were on level 7 of the Dungeon.
You visited 2 branches of the dungeon, and saw 8 of its levels.

You collected 200 gold pieces.

Inventory:

Hand Weapons
 d - a +2 war axe of electrocution (weapon)
Missiles
 p - a throwing net
Armour
 a - a +0 robe
 i - a +1 helmet (worn)
 j - a +2 animal skin (worn)
 o - a +2 leather armour of poison resistance
 q - a +0 pair of gloves (worn)
Wands
 c - a wand of flame (21)
Scrolls
 e - 2 scrolls of amnesia {unknown}
 l - a scroll of immolation
 m - 2 scrolls of teleportation
 r - 2 scrolls of enchant armour
Potions
 b - a potion of brilliance
 f - a potion of berserk rage {unknown}
 h - 2 potions of flight
 n - 4 potions of attraction


   Skills:
 * Level 6.3 Fighting
 + Level 3.0 Armour
 + Level 3.2 Dodging
 - Level 1.5 Stealth
 - Level 3.2 Spellcasting


You couldn't memorise any spells.
You knew the following spells:

 Your Spells              Type           Power      Damage    Failure   Level
a - Magic Dart            Conj           68%        1d6       3%          1
b - Searing Ray           Conj           34%        2d5       4%          2
c - Dazzling Flash        Conj/Hex       34%        N/A       10%         3
d - Fulminant Prism       Conj/Hex       8%         3d7       32%         4
e - Iskenderun's Mystic   Conj/Tloc      17%        2d5       32%         4
f - Sting                 Tmut/Pois      68%        1d6       3%          1
g - Blink                 Tloc           34%        N/A       4%          2
h - Ignite Poison         Fire/Tmut/Pois 17%        N/A       10%         3
Your spell library was empty.

Dungeon Overview and Level Annotations

Branches:
Dungeon (7/15)             Temple (1/1) D:4

Altars:
Ashenzari
Cheibriados
Dithmenos
Elyvilon
Fedhas
Gozag
Hepliaklqana
Nemelex Xobeh
Qazlal
Ru
Trog
Uskayaw
Wu Jian
Xom
Yredelemnul

Shops:
D:5 :

Annotations:
D:3 1 runed translucent door, Crazy Yiuf
D:5 1 runed translucent door


Innate Abilities, Weirdness & Mutations

You are immune to sickness and miasma.
You are immune to poison.
Your flesh is very heat resistant. (rF++)
You are vulnerable to cold. (rC-)
You float through the air rather than walking.
You learn spells naturally, not from books.
Your magical power is your life essence.
You have superior vitality. (+4 MHP)


Message History

The sky beast is lightly wounded.
* * * LOW HITPOINT WARNING * * *
The sky beast closely misses you.
Casting: Magic Dart (safe; 3% risk of failure)
Confirm with . or Enter, or press ? or * to list all spells.
Aiming: Searing Ray (safe; 4% risk of failure)
Press: ? - help, Shift-Dir - straight line, f/p - sky beast
Aim: a sky beast (lightly wounded, 69% to hit)
The searing ray hits the sky beast!
The sky beast is severely wounded. (Press . to maintain the ray.)
* * * LOW HITPOINT WARNING * * *
The sky beast barely misses you.
Casting: Searing Ray (safe; 4% risk of failure)
Confirm with . or Enter, or press ? or * to list all spells.
Aiming: Magic Dart (safe; 3% risk of failure)
Press: ? - help, Shift-Dir - straight line, f/p - sky beast
Aim: a sky beast (severely wounded, 100% to hit)
The magic dart hits the sky beast.
The sky beast is severely wounded.
* * * LOW HITPOINT WARNING * * *
The sky beast hits you but does no damage.
Casting: Magic Dart (safe; 3% risk of failure)
Confirm with . or Enter, or press ? or * to list all spells.
Aiming: Magic Dart (safe; 3% risk of failure)
Press: ? - help, Shift-Dir - straight line, f/p - sky beast
Aim: a sky beast (severely wounded, 100% to hit)
The magic dart hits the sky beast.
The sky beast is almost dead.
* * * LOW HITPOINT WARNING * * *
The sky beast flickers out of sight!
Deactivating autopickup; reactivate with Ctrl-A.
Something hits you but does no damage.
Casting: Magic Dart (safe; 3% risk of failure)
Confirm with . or Enter, or press ? or * to list all spells.
You can't see any susceptible monsters within range! (Use Z to cast anyway.)
You miss something. Your punch misses something. Something hits you.
* * * LOW HITPOINT WARNING * * *
Something shocks you.
You die...

#######
#.....#
#..@..+
#..){.#
#.....#
#..>..#
#######


There were no monsters in sight!

Vanquished Creatures
  A black bear (D:4)
  A necrophage (D:5)
  A jelly (D:6)
  A hound (D:5)
  A gnoll bouda (D:6)
  An iguana (D:4)
  2 orc wizards
  Robin (D:2)
  6 adders
  6 gnolls
  An ufetubus (D:6)
  4 worms
  A dart slug (D:3)
  16 orcs
  4 ball pythons
  5 bats
  6 endoplasms
  5 giant cockroaches
  11 goblins
  6 hobgoblins
  2 jackals (D:1)
  4 quokkas
  5 frilled lizards
  4 kobolds
  8 rats
103 creatures vanquished.

Vanquished Creatures (others)
  4 plants (D:3)
4 creatures vanquished.

Grand Total: 107 creatures vanquished

Notes
Turn   | Place    | Note
-------+----------+-------------------------------------------
     0 | D:1      | Decritt the Djinni Conjurer began the quest for the Orb.
     0 | D:1      | Decritt set off with the following spells memorised: Magic
                  | Dart, Searing Ray, Dazzling Flash, Fulminant Prism,
                  | Iskenderun's Mystic Blast.
     0 | D:1      | Reached XP level 1. HP: 15/15 MP: 0/0
   104 | D:1      | Reached skill level 1 in Fighting
   369 | D:1      | Reached XP level 2. HP: 20/22 MP: 0/0
   622 | D:1      | Reached skill level 2 in Fighting
   994 | D:2      | Reached XP level 3. HP: 25/29 MP: 0/0
   994 | D:2      | Learned a level 1 spell: Sting
  1198 | D:2      | Found a faded altar of an unknown god.
  1202 | D:2      | Reached skill level 3 in Fighting
  1204 | D:2      | Noticed Robin
  1223 | D:2      | Killed Robin
  1224 | D:2      | Reached XP level 4. HP: 14/35 MP: 0/0
  2132 | D:3      | Reached skill level 4 in Fighting
  2327 | D:3      | Reached XP level 5. HP: 39/41 MP: 0/0
  2327 | D:3      | Learned a level 2 spell: Blink
  2903 | D:3      | Found a runed translucent door.
  2904 | D:3      | Noticed Crazy Yiuf
  3424 | D:4      | Reached skill level 1 in Armour
  3522 | D:4      | Found a staircase to the Ecumenical Temple.
  3542 | Temple   | Entered the Ecumenical Temple
  3683 | D:4      | Noticed a black bear
  3695 | D:4      | Killed a black bear
  3696 | D:4      | Reached skill level 5 in Fighting
  3696 | D:4      | Reached XP level 6. HP: 21/49 MP: 0/0
  4519 | D:4      | Found a stormy altar of Qazlal.
  4540 | D:5      | Entered Level 5 of the Dungeon
  4540 | D:5      | Found a broken altar of Ashenzari.
  4568 | D:5      | Found Werippith's Book Shoppe.
  4791 | D:5      | Found a runed translucent door.
  4791 | D:5      | Noticed a human
  4795 | D:5      | Found a basalt altar of Yredelemnul.
  4938 | D:5      | Found an opulent altar of Gozag.
  4969 | D:5      | Reached XP level 7. HP: 50/55 MP: 0/0
  4969 | D:5      | Learned a level 3 spell: Ignite Poison
  5276 | D:5      | Reached skill level 6 in Fighting
  5474 | D:6      | HP: 1/56 [ice beast (13)]
  5732 | D:7      | HP: 2/56 [something (4)]
  5732 | D:7      | Slain by a sky beast

Illustrated notes

Levels and vault maps discovered:
D:1:      dpeg_arrival_long_road, layout_basic
D:2:      layout_rooms, dreamdust_ecumenical_altar_statues, uniq_robin
D:3:      layout_loops_ring, vehumet_altar_wand_db, serial_forest,
          infiniplex_forest_end_2, infiniplex_forest_end_2,
          infiniplex_forest_clump_C, infiniplex_forest_lined_3,
          infiniplex_forest_clump_small, infiniplex_forest_lined_room_2,
          infiniplex_forest_lined_corner, infiniplex_forest_clump_tiny,
          infiniplex_forest_lined_room_2, grunt_decor_junction,
          uniq_crazy_yiuf_cottage
D:4:      layout_loops_ring, grunt_qazlal_clouds, minmay_temple_entry_slanted
D:5:      layout_basic, dk_yredelemnul_ordeal, grunt_gozag_statues,
          general_overflow_altar, serial_shops, shop
D:6:      layout_loops_ring, minmay_pentangle
D:7:      layout_basic, lemuel_coloured_pillars_altar, lemuel_tele_altar
Temple:   nicolae_temple_x_marks_the_god

Skill      XL: |  1  2  3  4  5  6  7 |
---------------+----------------------+-----
Fighting       | 1 2 3 4 5 6 |  6.3
Armour         | 2 3 |  3.0
Dodging        | 3 |  3.2
Stealth        | |  1.5
Spellcasting   | |  3.2

Action                   |  1- 3 |  4- 6 |  7- 9 || total
-------------------------+-------+-------+-------++-------
Melee: War axe           |     7 |    25 |     2 ||    34
 Cast: Magic Dart        |    52 |   126 |    27 ||   205
       Searing Ray       |     3 |     8 |    11 ||    22
       Sting             |     2 |       |       ||     2
  Use: Scroll            |       |     9 |     1 ||    10
       Potion            |       |       |     2 ||     2
Armor: Robe              |     3 |       |       ||     3
       Animal skin       |       |    15 |    13 ||    28
Dodge: Dodged            |     7 |    28 |    22 ||    57

Table legend: (Time is in decaauts)
 A = Elapsed time spent in this place.
 B = Non-inter-level travel time spent in this place.
 C = Inter-level travel time spent in this place.
 D = Time resting spent in this place.
 E = Time spent auto-exploring this place.
 F = Levels seen in this place.
 G = Mean time per level.
                   A        B        C        D        E       F      G
               +--------+--------+--------+--------+--------+-----+--------+
         Total |   5746 |   5626 |    120 |   1514 |   3395 |   8 |  718.2 |
       Dungeon |   5671 |   5559 |    112 |   1514 |   3333 |   7 |  810.1 |
        Temple |     74 |     66 |      8 |      0 |     62 |   1 |   74.0 |
               +--------+--------+--------+--------+--------+-----+--------+

Top non-repeatable levels by time:
     D:4: 1309 daAuts
     D:2: 1282 daAuts
     D:3: 1107 daAuts
     D:5: 826 daAuts
     D:1: 775 daAuts
     D:6: 363 daAuts
  Temple: 74 daAuts
     D:7: 7 daAuts
